 Dungeon Crawl Stone Soup version 0.25.1-3-ge44b62a0b3 (webtiles) character file.

Game seed: 11325525102611016608

51 KamiKatze the Skirmisher (level 3, 0/33 HPs)
             Began as a Ghoul Monk on Nov 22, 2020.
             Slain by a gnoll
             ... wielding a +0 spear
              (2 damage)
             ... on level 2 of the Dungeon.
             The game lasted 00:04:24 (1095 turns).

KamiKatze the Skirmisher (Ghoul Monk)               Turns: 1095, Time: 00:04:24

Health: 0/33       AC:  2    Str: 15    XL:     3   Next: 83%
Magic:  2/2        EV: 12    Int:  5    God:
Gold:   73         SH:  0    Dex: 11    Spells: 2/2 levels left

rFire    . . .     SeeInvis .   a - +0 hand axe
rCold    + . .     Gourm    .   (no shield)
rNeg     + + +     Faith    .   b - +0 robe
rPois    ∞         Spirit   .   (no helmet)
rElec    .         Reflect  .   (no cloak)
rCorr    .         Harm     .   (no gloves)
MR       .....                  (no boots)
Stlth    ++........             (no amulet)
HPRegen  0.00/turn              (no ring)
MPRegen  0.08/turn              (no ring)

@: rotting
A: rotting body, claws 1, carnivore, cold resistance 1, negative energy
resistance 3, inhibited regeneration, torment resistance, unbreathing
a: no special abilities


You were on level 2 of the Dungeon.
You were not hungry.

You visited 1 branch of the dungeon, and saw 2 of its levels.

You collected 73 gold pieces.

Inventory:

Hand Weapons
 a - a +0 hand axe (weapon)
Missiles
 d - 75 stones (quivered)
 k - 12 poisoned darts
Armour
 b - a +0 robe (worn)
Jewellery
 f - an uncursed amulet of faith {unknown}
 h - a cursed ring of attention {unknown}
Scrolls
 g - 2 scrolls of remove curse
 i - a scroll of enchant weapon
 j - a scroll of teleportation {unknown}
 l - a scroll of immolation {unknown}
Comestibles
 c - 3 rations


   Skills:
 + Level 4.0 Fighting
 * Level 3.8 Axes
 - Level 2.6 Dodging
 - Level 2.1 Stealth


You had 2 spell levels left.
You didn't know any spells.
Your spell library was empty.

Dungeon Overview and Level Annotations

Branches:
Dungeon (2/15)

Altars:


Innate Abilities, Weirdness & Mutations

Your body is rotting away.
You thrive on raw meat.
You are immune to poison.
You have sharp fingernails.
You are carnivorous and can eat meat at any time.
Your flesh is cold resistant. (rC+)
You are immune to negative energy. (rN+++)
You do not regenerate when monsters are visible.
You are immune to unholy pain and torment.
You can survive without breathing.


Message History

The gnoll hits you from afar with a +0 spear.
The gnoll barely misses you.
Things that are here:
a +0 flail; a scroll labeled TIN FYKKUCALL The gnoll hits you with a +0 spear.
* * * LOW HITPOINT WARNING * * *
The gnoll hits you from afar with a +0 spear!
* * * LOW HITPOINT WARNING * * *
Unknown command.
As you read the scroll labeled TIN FYKKUCALL, it crumbles to dust.
You feel blessed for a moment.
It was a scroll of remove curse.
The gnoll hits you with a +0 spear.
* * * LOW HITPOINT WARNING * * *
The gnoll closely misses you.
As you read the scroll labeled FUDAMA JUPAL, it crumbles to dust.
It is a scroll of identify.
i - a scroll of enchant weapon The gnoll barely misses you.
The gnoll hits you from afar with a +0 spear.
You die...

### ..#
######.#
######......#
#.g.##.###..##
##
#@#.##.#.....#
#.
#.#g##.#.#...#
#.
#g#.##....%..#
#.
#....###.##..#
#. ###..#
#.##..# #.
#..# #.##..#
#<
#..###g##..#
#.
#..##.?....#
#.
#....g.###.#
#.


You could see 2 gnolls.

Vanquished Creatures
  A gnoll (D:2)
  2 adders (D:2)
  A dart slug (D:2)
  4 goblins (D:1)
  5 hobgoblins
  4 kobolds
  A quokka (D:2)
  4 rats
22 creatures vanquished.

Notes
Turn   | Place    | Note
-------+----------+-------------------------------------------
     0 | D:1      | KamiKatze the Ghoul Monk began the quest for the Orb.
     0 | D:1      | Reached XP level 1. HP: 19/19 MP: 0/0
   190 | D:1      | Reached XP level 2. HP: 24/26 MP: 1/1
   700 | D:2      | Reached XP level 3. HP: 25/33 MP: 2/2
  1089 | D:2      | Reached skill level 4 in Fighting
  1095 | D:2      | Slain by a gnoll

Illustrated notes

Levels and vault maps discovered:
D:1:      dpeg_arrival_stone_temple_mockup, layout_loops_ring
D:2:      layout_loops_ring, hangedman_abyss_or_decor_stabs,
          grunt_ashenzari_visionary [grunt_ashenzari_visionary_swamp,
          grunt_ashenzari_visionary_spider]

Skill      XL: |  1  2  3 |
---------------+----------+-----
Axes           | 3 |  3.8
Fighting       | 4 |  4.0
Dodging        | |  2.6
Stealth        | |  2.1

Action                   || total
-------------------------++-------
Melee: Hand axe          ||    82
Throw: Stone             ||     8
  Use: Scroll            ||     2
       Potion            ||     1
 Stab: Sleeping          ||     3
  Eat: Chunk             ||    12
Armor: Robe              ||     9
Dodge: Dodged            ||    55
